 Dungeon Crawl Stone Soup version 0.26-a0-695-g987792ac36 (webtiles) character file.

Game seed: 5926214476534328549

34 jestyr24 the Grave Robber (level 3, -5/24 HPs)
             Began as a Demonspawn Necromancer on Oct 26, 2020.
             Slain by a gnoll
             ... wielding a +2 whip of venom
              (7 damage)
             ... on level 2 of the Dungeon.
             The game lasted 00:12:35 (2226 turns).

jestyr24 the Grave Robber (Demonspawn Necromancer)  Turns: 2226, Time: 00:12:35

Health: -5/24      AC:  3    Str:  8    XL:     3   Next: 14%
Magic:  4/6        EV: 12    Int: 17    God:
Gold:   69         SH:  5    Dex: 13    Spells: 4/6 levels left

rFire    + . .     SeeInvis .   f - +1 whip (elec)
rCold    . . .     Faith    .   (no shield)
rNeg     . . .     Spirit   .   a - +1 robe
rPois    .         Reflect  +   (no helmet)
rElec    .         Harm     .   (no cloak)
rCorr    .         Rampage  .   (no gloves)
MR       .....                  (no boots)
Stlth    ++........             t - amulet of reflection
HPRegen  0.08/turn              (no ring)
MPRegen  0.10/turn              (no ring)

@: lethally poisoned (-5 -> -11)
A: claws 1, fire resistance 1
a: no special abilities


You were on level 2 of the Dungeon.
You visited 1 branch of the dungeon, and saw 3 of its levels.

You collected 69 gold pieces.

Inventory:

Hand Weapons
 f - a +1 whip of electrocution (weapon)
 p - a +0 spear
 x - a +0 trident
Missiles
 h - 3 javelins (quivered)
 m - 26 stones
Armour
 a - a +1 robe (worn)
 o - a +0 plate armour
Jewellery
 t - an amulet of reflection (around neck)
Scrolls
 c - 2 scrolls of identify
 d - 3 scrolls of amnesia
Potions
 g - 2 potions of flight
 i - a potion of stabbing


   Skills:
 + Level 0.3 Maces & Flails
 + Level 1.7 Dodging
 + Level 1.9 Stealth
 + Level 2.4 Spellcasting
 + Level 5.1 Necromancy


You had 4 spell levels left.
You knew the following spells:

 Your Spells              Type           Power        Failure   Level
a - Pain                  Necr           ###.         2%          1
b - Animate Skeleton      Necr           ###...       2%          1

Your spell library contained the following spells:

 Spells                   Type           Power        Failure   Level
 Vampiric Draining        Necr           ###.......   7%          3
 Animate Dead             Necr           ###.......   22%         4
 Agony                    Necr           ###.....     54%         5


Dungeon Overview and Level Annotations

Branches:
Dungeon (3/15)

Altars:


Innate Abilities, Weirdness & Mutations

You have sharp fingernails.
Your flesh is heat resistant. (rF+)


Message History

* * * LOW HITPOINT WARNING * * *
The gnoll closely misses you.
You closely miss the gnoll.
The gnoll is moderately wounded.
The gnoll hits you with a cursed -2 whip.
* * * LOW HITPOINT WARNING * * *
The gnoll barely misses you.
You closely miss the gnoll.
The gnoll is moderately wounded.
The gnoll hits you but does no damage. x2
You are lethally poisoned!
You barely miss the gnoll.
The gnoll is moderately wounded.
* * * LOW HITPOINT WARNING * * *
You feel sick. You block the gnoll's attack. The gnoll misses you.
You barely miss the gnoll.
The gnoll is moderately wounded.
The gnoll closely misses you.
The gnoll hits you with a +2 whip of venom!
You die...

.#...≈≈≈≈≈≈≈≈≈#..P≈P.......#.##.#
.#P..)..≈≈≈.P.##.#....P#P..#.##..
.##.P...P≈.P..≈#.#P.#..#.#P.#####
####.P..P......##...#.#..#.## #.
##P...P.##..≈#..P.####.## ##.
###############################..
.......###.##.# #.............#.
#.#####.#.###.####........######.
#.# ##.......g@g........# ## ..#
#.###.#######....### ### #.# #.#
######.#.# #.# #.# #....#.#.# #.#
#.# #.##.#.#.# #.# #.# #.##.#.#.#
#.# #.# #.##.#.#.# #.# #.#
#.##.....####### #.# #.#
#.###..........#


You could see 2 gnolls.

Vanquished Creatures
  An adder (D:2)
  A worm (D:2)
  A giant cockroach (D:2)
  4 goblins
  2 hobgoblins
  3 kobolds
  A quokka (D:2)
  A bat (D:2)
  3 frilled lizards
  4 rats (D:1)
21 creatures vanquished.

Vanquished Creatures (collateral kills)
  A frilled lizard (D:1)
1 creature vanquished.

Vanquished Creatures (others)
  9 plants (D:2)
9 creatures vanquished.

Grand Total: 31 creatures vanquished

Notes
Turn   | Place    | Note
-------+----------+-------------------------------------------
     0 | D:1      | jestyr24 the Demonspawn Necromancer began the quest for the
                  | Orb.
     0 | D:1      | Reached XP level 1. HP: 13/13 MP: 3/3
   229 | D:1      | Learned a level 1 spell: Animate Skeleton
   709 | D:1      | Gained mutation: Your flesh is heat resistant. (rF+)
                  | [demonic ancestry]
   709 | D:1      | Reached XP level 2. HP: 19/19 MP: 3/5
  1540 | D:2      | Reached skill level 5 in Necromancy
  1808 | D:2      | Gained mutation: You have sharp fingernails. [demonic
                  | ancestry]
  1808 | D:2      | Reached XP level 3. HP: 12/24 MP: 0/6
  2226 | D:2      | Slain by a gnoll

Illustrated notes

Levels and vault maps discovered:
D:1:      erik_arrival_cave_to_civilisation [erik_arrival_cave_to_hall],
          layout_loops_ring, minmay_crystal_room, grunt_decor_mini_mirrors
D:2:      wad_lake_hut, layout_loops_ring
D:3:      layout_basic, uniq_purgy, uniq_grinder

Skill      XL: |  1  2 |
---------------+-------+-----
Necromancy     | 5 |  5.1
Maces & Flails | |  0.3
Dodging        | |  1.7
Stealth        | |  1.9
Spellcasting   | |  2.4

Action                   || total
-------------------------++-------
Melee: Whip              ||    30
 Cast: Pain              ||    27
       Animate Skeleton  ||     4
  Use: Scroll            ||     6
       Potion            ||     5
Armor: Robe              ||     7
Dodge: Dodged            ||    18
Block: Other             ||     7
       Reflection        ||     1

Table legend: (Time is in decaauts)
 A = Elapsed time spent in this place.
 B = Non-inter-level travel time spent in this place.
 C = Inter-level travel time spent in this place.
 D = Time resting spent in this place.
 E = Time spent auto-exploring this place.
 F = Levels seen in this place.
 G = Mean time per level.
                   A        B        C        D        E       F      G
               +--------+--------+--------+--------+--------+-----+--------+
         Total |   2266 |   2135 |    131 |    325 |   1244 |   3 |  755.3 |
       Dungeon |   2266 |   2135 |    131 |    325 |   1244 |   3 |  755.3 |
               +--------+--------+--------+--------+--------+-----+--------+

Top non-repeatable levels by time:
     D:2: 1241 daAuts
     D:1: 1015 daAuts
     D:3: 9 daAuts
